 Dungeon Crawl Stone Soup version 0.22.1-1-ga44c0e56f4 (webtiles) character file.

165 D1HalberdGnoll the Skirmisher (level 5, -1/45 (47) HPs)
             Began as a Ghoul Fighter on Oct 26, 2018.
             Slain by an iguana (7 damage)
             ... on level 4 of the Dungeon.
             The game lasted 00:02:52 (2051 turns).

D1HalberdGnoll the Skirmisher (Ghoul Fighter)       Turns: 2051, Time: 00:02:52

HP:   -1/45 (47)    AC:  6    Str: 26    XL:     5   Next: 46%
MP:   4/4           EV:  7    Int:  3    God:
Gold: 186           SH:  9    Dex:  8    Spells: 4/4 levels left

rFire    . . .     SeeInvis .   a - +0 war axe
rCold    + . .     Gourm    .   c - +0 shield
rNeg     + + +     Faith    .   b - +0 scale mail
rPois    ∞         Spirit   .   (no helmet)
rElec    .         Reflect  .   (no cloak)
rCorr    .         Harm     .   (no gloves)
MR       .....                  (no boots)
Stlth    ..........             (no amulet)
HPRegen  0.00/turn              (no ring)
MPRegen  0.09/turn              (no ring)

@: mighty, rotting
A: rotting body, claws 1, carnivore, cold resistance 1, negative energy
resistance 3, inhibited regeneration, torment resistance, unbreathing
a: no special abilities


You were on level 4 of the Dungeon.
You were not hungry.

You visited 1 branch of the dungeon, and saw 4 of its levels.

You collected 186 gold pieces.

Inventory:

Hand Weapons
 a - a +0 war axe (weapon)
Armour
 b - a +0 scale mail (worn)
 c - a +0 shield (worn)
Jewellery
 r - an uncursed ring of protection from fire {unknown}
Scrolls
 g - 2 scrolls of fog {unknown}
 i - 3 scrolls of enchant armour {unknown}
 j - a scroll of magic mapping {unknown}
 k - a scroll of amnesia {unknown}
 m - a scroll of random uselessness {unknown}
 o - 6 scrolls of identify {unknown}
 p - a scroll of blinking {unknown}
 s - 2 scrolls of remove curse {unknown}
 t - 3 scrolls of immolation {unknown}
Potions
 e - a potion of brilliance {unknown}
 h - a potion of degeneration {unknown}
 l - 5 potions of curing {unknown}
 n - 2 potions of invisibility {unknown}
 q - a potion of lignification {unknown}
 u - a potion of agility {unknown}
 v - a potion of haste {unknown}
 w - a potion of flight {unknown}
Comestibles
 f - 4 rations


   Skills:
 + Level 4.5 Fighting
 * Level 4.2 Axes
 - Level 2.6 Armour
 - Level 2.6 Shields


You had 4 spell levels left.
You didn't know any spells.
Your spell library was empty.

Dungeon Overview and Level Annotations

Branches:
Dungeon (4/15)
 Temple: D:4-7

Altars:
Gozag
Sif Muna


Innate Abilities, Weirdness & Mutations

Your body is rotting away.
You thrive on raw meat.
You are immune to poison.
You have sharp fingernails.
You are carnivorous and can eat meat at any time.
Your flesh is cold resistant. (rC+)
You are immune to negative energy. (rN+++)
You do not regenerate when monsters are visible.
You are immune to unholy pain and torment.
You can survive without breathing.


Message History

The iguana is lightly wounded.
The iguana completely misses you. You block the iguana's attack.
You hit the iguana but do no damage.
The iguana is lightly wounded.
The iguana bites you.
* * * LOW HITPOINT WARNING * * *
You barely miss the iguana.
The iguana is lightly wounded.
The iguana bites you but does no damage.
You barely miss the iguana.
The iguana is lightly wounded.
You block the iguana's attack. The iguana bites you.
* * * LOW HITPOINT WARNING * * *
You feel very mighty all of a sudden. The iguana bites you.
* * * LOW HITPOINT WARNING * * *
You hit the iguana.
The iguana is heavily wounded.
The iguana bites you!
You die...

###########
#.........#
###.........#
............#
........>...+
........[...#####
..(......@l......
.(......<...(....
############.....
.... ... .. .


You could see an iguana.

Vanquished Creatures
  A bullfrog zombie (D:3)
  5 adders
  2 worms (D:3)
  3 dart slugs
  3 leopard geckos
  4 orcs (D:3)
  2 ball pythons
  5 bats
  3 giant cockroaches
  10 hobgoblins
  2 jackals (D:2)
  9 kobolds
  3 frilled lizards
  9 goblins
  8 rats
69 creatures vanquished.

Notes
Turn   | Place    | Note
-------+----------+-------------------------------------------
     0 | D:1      | D1HalberdGnoll the Ghoul Fighter began the quest for the
                  | Orb.
     0 | D:1      | Reached XP level 1. HP: 19/19 MP: 0/0
    71 | D:1      | Reached XP level 2. HP: 21/26 MP: 1/1
   295 | D:1      | Reached XP level 3. HP: 18/33 MP: 2/2
   697 | D:2      | Reached XP level 4. HP: 39/40 MP: 3/3
   926 | D:2      | Found an opulent altar of Gozag.
  1459 | D:3      | Reached XP level 5. HP: 44/47 MP: 4/4
  1542 | D:3      | Found a deep blue altar of Sif Muna.
  2051 | D:4      | Slain by an iguana

Skill      XL: |  1  2  3  4  5 |
---------------+----------------+-----
Axes           | 2 3 4 |  4.2
Fighting       | 4 |  4.5
Armour         | |  2.6
Shields        | |  2.6

Action                   |  1- 3 |  4- 6 || total
-------------------------+-------+-------++-------
Melee: War axe           |    81 |   158 ||   239
  Use: Potion            |       |     1 ||     1
  Eat: Chunk             |     8 |     9 ||    17
Armor: Scale mail        |    51 |    70 ||   121
Dodge: Dodged            |    32 |    48 ||    80
Block: Shield            |    48 |    78 ||   126
